 Dungeon Crawl Stone Soup version 0.27-a0-951-gae3e1deef5 (webtiles) character file.

Game seed: 12897163274582948381

976 polve the Covered (level 7, 0/52 HPs)
             Began as a Demonspawn Abyssal Knight on Apr 11, 2021.
             Was a Priest of Lugonu.
             Slain by an orc
             ... wielding a +0 whip
              (2 damage)
             ... on level 6 of the Dungeon.
             The game lasted 00:04:43 (6243 turns).

polve the Covered (Demonspawn Abyssal Knight)       Turns: 6243, Time: 00:04:43

Health: 0/52       AC: 12    Str: 14    XL:     7   Next: 95%
Magic:  19/19      EV:  7    Int: 14    God:    Lugonu [***...]
Gold:   200        SH:  0    Dex: 12    Spells: 6/6 levels left

rFire    . . .     SeeInvis +   k - +1 short sword (elec)
rCold    . . .     Faith    .   (no shield)
rNeg     . . .     Spirit   .   e - +0 chain mail
rPois    .         Reflect  .   (helmet restricted)
rElec    .         Harm     .   (no cloak)
rCorr    .         Rampage  .   o - +0 pair of gloves
Will     .....                  (no boots)
Stlth    ..........             (no amulet)
HPRegen  0.17/turn              n - ring of magical power
MPRegen  0.32/turn              t - ring of see invisible

@: on berserk cooldown, attractive, slowed, very slow
A: horns 2, magic regeneration
a: Renounce Religion, Depart the Abyss, Bend Space, Banish


You were on level 6 of the Dungeon.
You worshipped Lugonu.
Lugonu was most pleased with you.
You visited 1 branch of the dungeon, and saw 6 of its levels.
You visited the Abyss 1 time.

You collected 200 gold pieces.

Inventory:

Hand Weapons
 k - a +1 short sword of electrocution (weapon)
Armour
 e - a +0 chain mail (worn)
 o - a +0 pair of gloves (worn)
Jewellery
 n - a ring of magical power (left hand)
 t - a ring of see invisible (right hand)
Wands
 p - a wand of acid (13)
 r - a wand of iceblast (9)
Scrolls
 a - a scroll of holy word {unknown}
 c - 2 scrolls of noise {unknown}
 f - 3 scrolls of teleportation {unknown}
 g - 2 scrolls of torment {unknown}
 m - a scroll of fear {unknown}
 q - 2 scrolls of amnesia {unknown}
 s - a scroll of fog {unknown}
 u - a scroll of vulnerability {unknown}
Potions
 i - a potion of invisibility {unknown}
 l - a potion of brilliance {unknown}
 v - a potion of cancellation {unknown}


   Skills:
 - Level 3.0 Fighting
 - Level 4.0 Short Blades
 - Level 7.3 Armour
 - Level 0.8 Dodging
 + Level 4.2 Invocations


You had 6 spell levels left.
You didn't know any spells.
Your spell library contained the following spells:

 Spells                   Type           Power      Damage    Failure   Level
 Corona                   Hex            0%         N/A       99%         1
 Ensorcelled Hibernation  Hex/Ice        0%         N/A       100%        2
 Confusing Touch          Hex            0%         N/A       100%        3
 Dazzling Flash           Conj/Hex       0%         N/A       100%        3
 Gell's Gravitas          Tloc           0%         N/A       100%        3
 Tukima's Dance           Hex            0%         N/A       100%        3
 Petrify                  Tmut/Erth      0%         N/A       100%        4
 Metabolic Englaciation   Hex/Ice        0%         N/A       100%        5
 Yara's Violent Unravell  Hex/Tmut       0%         3d3       100%        5


Dungeon Overview and Level Annotations

Branches:
Dungeon (6/15)             Temple (0/1) D:4

Altars:
Makhleb
Uskayaw
Wu Jian
Xom

Shops:
D:2 (   D:3 [


Innate Abilities, Weirdness & Mutations

You have a pair of horns on your head.
You regenerate magic rapidly.


Message History

Lightning courses through the orc wizard!!
You kill the orc wizard!
Lugonu accepts your kill.
The orc wizard points at you and mumbles some strange words.
You resist with some effort. The orc hits you but does no damage.
Your Invocations skill increases to level 4!
You hit the orc but do no damage.
The orc wizard hits you but does no damage.
The orc hits you with a +0 whip.
You hit the orc. Your headbutt misses the orc.
The orc is lightly wounded.
The orc wizard hits you but does no damage.
The orc hits you with a +0 whip.
The orc wizard hits you with a +0 dagger.
The orc priest looks braver for a moment.
You barely miss the orc. You headbutt the orc.
The orc is moderately wounded.
The orc hits you but does no damage.
The orc wizard hits you with a +0 dagger.
The orc hits you with a +0 whip.
* * * LOW HITPOINT WARNING * * *
You closely miss the orc. Your headbutt misses the orc.
The orc is lightly wounded.
The orc wizard gestures at you while chanting.
The puff of flame misses you. The orc hits you but does no damage.
You closely miss the orc.
The orc is lightly wounded.
The orc wizard hits you with a +0 dagger.
* * * LOW HITPOINT WARNING * * *
The orc hits you but does no damage. The orc wizard casts a spell at you.
You resist with some effort.
You hit the orc but do no damage. The orc closely misses you.
The orc wizard gestures at you while chanting.
You resist with some effort.
The orc priest mumbles some strange prayers to Beogh against you.
Beogh smites you!
* * * LOW HITPOINT WARNING * * *
The orc hits you with a +0 whip.
You die...

..........#
..........#
..8.8.
..........##..
...
..........##.#
#.#
######....##.#
#.#
#.........###.#
#..........##.#
#..........##.#
#..........!#@##
##
#.........#.#oo#
.#
#............o.#
.#
#...####.##....#
.# #...
#.###)..# .#
#... #.# #...#
## #... #.#
..>).. #. #<.
.###.## ## ..
(..


You could see an orc priest, an orc wizard (invisible) and an orc.

Vanquished Creatures
  A sky beast (D:5)
  A necrophage (D:4)
  2 ogres
  2 phantoms (D:5)
  A hound (D:4)
  An orc priest (D:3)
  An iron imp (Abyss:1)
  Ijyb (D:5)
  3 bullfrog skeletons
  An iguana (D:6)
  2 orc wizards
  A killer bee zombie (D:5)
  8 adders
  A shadow imp (D:5)
  A white imp (D:6)
  2 worms
  A dart slug (D:2)
  3 orcs
  7 endoplasms
  4 giant cockroaches
  6 goblins
  7 hobgoblins
  8 jackals
  3 quokkas
  8 ball pythons
  3 bats
  6 frilled lizards
  8 kobolds
  4 rats
97 creatures vanquished.

Vanquished Creatures (others)
  31 plants (D:2)
31 creatures vanquished.

Grand Total: 128 creatures vanquished

Notes
Turn   | Place    | Note
-------+----------+-------------------------------------------
     0 | Abyss:1  | polve the Demonspawn Abyssal Knight began the quest for the
                  | Orb.
     0 | Abyss:1  | Reached XP level 1. HP: 18/18 MP: 2/2
    94 | Abyss:1  | Noticed a small abomination
   101 | Abyss:1  | Noticed an iron imp
   122 | Abyss:1  | Killed an iron imp
   123 | Abyss:1  | Gained mutation: You regenerate magic rapidly. [demonic
                  | ancestry]
   123 | Abyss:1  | Reached XP level 2. HP: 3/24 MP: 3/3
   264 | D:1      | Escaped the Abyss
   399 | D:1      | Reached XP level 3. HP: 28/29 MP: 4/4
   755 | D:1      | Found a faded altar of an unknown god.
  1292 | D:2      | Reached ** piety under Lugonu
  1486 | D:2      | Gained mutation: You have a pair of small horns on your
                  | head. [demonic ancestry]
  1486 | D:2      | Reached XP level 4. HP: 32/35 MP: 5/5
  1576 | D:2      | Found Woets's Antique Weapon Boutique.
  1710 | D:2      | Reached skill level 2 in Armour
  2507 | D:3      | Found Quduiqir's Armour Emporium.
  2542 | D:3      | Reached skill level 3 in Armour
  2562 | D:3      | Reached XP level 5. HP: 39/41 MP: 6/6
  3022 | D:3      | Found a hide-covered altar of Uskayaw.
  3449 | D:3      | Reached skill level 4 in Armour
  3521 | D:3      | Found a shimmering altar of Xom.
  3667 | D:4      | Noticed an ogre
  3674 | D:4      | Killed an ogre
  3675 | D:4      | Gained mutation: You have a pair of horns on your head.
                  | [demonic ancestry]
  3675 | D:4      | Reached XP level 6. HP: 24/47 MP: 7/7
  4047 | D:4      | Found a staircase to the Ecumenical Temple.
  4235 | D:4      | Noticed a yak
  4254 | D:4      | Reached skill level 5 in Armour
  4362 | D:4      | Found an ornate altar of the Wu Jian Council.
  4473 | D:5      | Entered Level 5 of the Dungeon
  4680 | D:5      | Reached skill level 6 in Armour
  4680 | D:5      | Reached XP level 7. HP: 3/52 MP: 8/8
  4991 | D:5      | Reached *** piety under Lugonu
  5096 | D:5      | Noticed Ijyb
  5103 | D:5      | Killed Ijyb
  5408 | D:5      | Reached skill level 7 in Armour
  5913 | D:5      | Found a burning altar of Makhleb.
  6243 | D:6      | HP: 2/52 [orc priest/divine providence (12)]
  6243 | D:6      | Slain by an orc

Illustrated notes

Levels and vault maps discovered:
D:1:      mushboom_english_gardens, layout_basic,
          chequers_ecumenical_altar_simple_redux
D:2:      layout_loops_ring, serial_shops, shop_statue, serial_bayou_lagoon_a,
          kennysheep_small_spiral
D:3:      layout_basic, lemuel_tele_altar, old_standard_altar, serial_shops,
          nicolae_shop_trees
D:4:      minmay_clustersquares, layout_cave_pods,
          pdpol_wu_jian_five_deadly_venoms, minmay_temple_entry_slanted,
          hex_large
D:5:      layout_cave_pods, kennysheep_little_box, hangedman_decor_push,
          hangedman_abyss_or_decor_jellyfish_corner, uniq_ijyb
D:6:      layout_basic, zin_statuary, minivault_27, minmay_misc_feat_doors,
          grunt_decor_one_mirror, minmay_fire_ice_demons, uniq_grinder

Skill      XL: |  1  2  3  4  5  6  7 |
---------------+----------------------+-----
Short Blades   | 3 4 |  4.0
Armour         | 3 4 6 7 |  7.3
Invocations    | 4 |  4.2
Fighting       | |  3.0
Dodging        | |  0.8

Action                   |  1- 3 |  4- 6 |  7- 9 || total
-------------------------+-------+-------+-------++-------
Melee: Short sword       |   118 |   123 |    95 ||   336
       Dagger            |       |    73 |       ||    73
       Headbutt          |       |    24 |    15 ||    39
  Use: Potion            |     1 |       |     4 ||     5
Armor: Chain mail        |    49 |   105 |    57 ||   211
       Leather armour    |     2 |       |       ||     2
Dodge: Dodged            |    55 |    50 |    16 ||   121

Table legend: (Time is in decaauts)
 A = Elapsed time spent in this place.
 B = Non-inter-level travel time spent in this place.
 C = Inter-level travel time spent in this place.
 D = Time resting spent in this place.
 E = Time spent auto-exploring this place.
 F = Levels seen in this place.
 G = Mean time per level.
                   A        B        C        D        E       F      G
               +--------+--------+--------+--------+--------+-----+--------+
         Total |   6204 |   6014 |    190 |      0 |   5291 |   7 |  886.3 |
       Dungeon |   5940 |   5750 |    190 |      0 |   5060 |   6 |  990.0 |
         Abyss |    264 |    264 |      0 |      0 |    231 |   1 |  264.0 |
               +--------+--------+--------+--------+--------+-----+--------+

Top non-repeatable levels by time:
     D:5: 1520 daAuts
     D:3: 1187 daAuts
     D:2: 1186 daAuts
     D:1: 907 daAuts
     D:4: 899 daAuts
 Abyss:1: 264 daAuts
     D:6: 239 daAuts
